 Dungeon Crawl Stone Soup version 0.31-a0-1412-g7b7c7d10e1 (webtiles) character file.

Game seed: 166127127947817601

7336 Conn the Covert (level 10, -4/51 HPs)
             Began as a Spriggan Warper on Dec 26, 2023.
             Was a Believer of Sif Muna.
             Slain by a komodo dragon (29 damage)
             ... on level 10 of the Dungeon.
             The game lasted 00:59:59 (11681 turns).

Conn the Covert (Spriggan Warper)                  Turns: 11681, Time: 01:00:00

Health: -4/51      AC:  7    Str: 15    XL:     10   Next: 90%
Magic:  21/21      EV: 21    Int: 19    God:    Sif Muna [**....]
Gold:   402        SH:  0    Dex: 15    Spells: 5/23 levels left

rFire   + . .        b - +9 hand axe "Ylam" {flame, rElec}
rCold   + . .        (no shield)
rNeg    + . .        w - +1 robe
rPois   .            (helmet restricted)
rElec   +            s - scarf {rC+ rF+}
rCorr   .            (gloves unavailable)
SInv    +            (boots unavailable)
Will    +....        n - amulet of magic regeneration
Stlth   ++++         t - +4 ring of protection
HPRegen 0.28/turn    m - ring "Kyapn" {*Corrode Fly rN+ Str+8}
MPRegen 0.57/turn

%: corrode self (3%)
@: flying, very quick
A: very small, no large weapons, unfitting armour, see invisible, speed 3, horns
1, evolution 1
a: Renounce Religion, Channel Magic


You were on level 10 of the Dungeon.
You worshipped Sif Muna.
Sif Muna was pleased with you.
You visited 2 branches of the dungeon, and saw 11 of its levels.

You collected 1426 gold pieces.
You spent 1024 gold pieces at shops.

Inventory:

Hand Weapons
 a - the +6 sling of Torhek {speed, rC+ Str+3 Int+2}
   (You bought it in a shop on level 5 of the Dungeon)

   Str+3:     It affects your strength (+3).
   Int+2:     It affects your intelligence (+2).
   rC+:       It protects you from cold.
 b - the +9 hand axe "Ylam" (weapon) {flame, rElec}
   (You bought it in a shop on level 5 of the Dungeon)

   rElec:     It insulates you from electricity.
 B - a +2 hammer of protection
Missiles
 d - 6 darts of dispersal
 k - 21 poisoned darts (quivered)
Armour
 j - a scarf of repulsion
 s - a scarf of resistance (worn)
 w - a +1 robe (worn)
 y - a +0 buckler
 A - a +0 cloak
Jewellery
 h - a +4 ring of protection
 m - the ring "Kyapn" (right hand) {*Corrode Fly rN+ Str+8}
   (You took it off a gnoll bouda on level 7 of the Dungeon)

   [ring of positive energy]

   Str+8:     It affects your strength (+8).
   rN+:       It protects you from negative energy.
   Fly:       It grants you flight.
   *Corrode:  It may corrode you when you take damage.
 n - an amulet of magic regeneration (around neck)
 o - a ring of flight
 t - a +4 ring of protection (left hand)
 F - a ring of magical power
 I - an amulet of reflection
Wands
 x - a wand of paralysis (32)
Scrolls
 c - 3 scrolls of blinking
 g - 5 scrolls of amnesia
 i - 8 scrolls of teleportation
 l - 2 scrolls of immolation
 q - a scroll of fear
 C - 3 scrolls of revelation
 E - a scroll of noise {unknown}
 K - a scroll of vulnerability
Potions
 e - 2 potions of magic
 f - 3 potions of curing
 p - 2 potions of enlightenment
 r - a potion of brilliance
 u - a potion of might
 v - a potion of berserk rage
 z - a potion of degeneration
 D - a potion of invisibility
 G - a potion of haste
 J - a potion of lignification


   Skills:
 * Level 5.2 Fighting
 - Level 3.3 Short Blades
 - Level 2.0 Axes
 * Level 6.0 Ranged Weapons
 - Level 3.0 Throwing
 + Level 7.6 Dodging
 + Level 8.3 Stealth
 + Level 3.1 Shields
 + Level 7.2 Spellcasting
 + Level 1.5 Conjurations
 - Level 3.1 Summonings
 - Level 8.1 Translocations
 - Level 3.0 Air Magic
 + Level 1.9 Earth Magic
 * Level 3.4 Invocations


You had 5 spell levels left.
You knew the following spells:

 Your Spells              Type           Power      Damage    Failure   Level
a - Blink                 Tloc           74%        N/A       1%          2
b - Teleport Other        Tloc           37%        N/A       1%          3
c - Manifold Assault      Tloc           37%        N/A       3%          4
d - Call Imp              Summ           36%        N/A       4%          2
e - Vhi's Electric Charg  Tloc/Air       56%        N/A       10%         4
f - Stone Arrow           Conj/Erth      26%        3d8       14%         3

Your spell library contained the following spells:

 Spells                   Type           Power      Damage    Failure   Level
 Lesser Beckoning         Tloc           74%        N/A       1%          2
 Slow                     Hex            24%        N/A       10%         1
 Sublimation of Blood     Necr           6%         N/A       16%         2
 Mephitic Cloud           Conj/Alch/Air  12%        N/A       16%         3
 Dazzling Flash           Conj/Hex       18%        N/A       22%         3
 Confusing Touch          Hex            6%         N/A       30%         3
 Sigil of Binding         Hex            6%         N/A       30%         3
 Vampiric Draining        Necr           6%         2d6       30%         3
 Animate Armour           Summ/Erth      32%        N/A       34%         4
 Silence                  Hex/Air        6%         N/A       82%         5
 Agony                    Necr           6%         N/A       95%         5
 Summon Hydra             Summ           9%         N/A       100%        7
 Lehudib's Crystal Spear  Conj/Erth      6%         10d3      100%        8


Dungeon Overview and Level Annotations

Branches:
Dungeon (10/15)            Temple (1/1) D:6            Lair (0/5) D:8
    Orc (0/2) D:9

Altars:
Ashenzari
Cheibriados
Dithmenos
Elyvilon
Fedhas
Gozag
Hepliaklqana
Makhleb
Nemelex Xobeh
Okawaru
Qazlal
Ru
Sif Muna
Trog
Uskayaw
Wu Jian
Xom
Yredelemnul
Zin
The Shining One

Shops:
D:5 ?(((*   D:6 *:   D:7 =   D:8 (

Annotations:
D:10 1 runed translucent door, Lymetel's ghost, novice MiBe


Innate Abilities, Weirdness & Mutations

You are very small and have problems with some larger weapons.
You are too small for most types of armour.
You have supernaturally acute eyesight. (SInv)
You cover ground extremely quickly. (Speed+++)
You have a pair of small horns on your head.
You have hidden genetic potential.


Message History

As you read the scroll of identify, it crumbles to dust.
G - a potion of haste
As you read the scroll of identify, it crumbles to dust.
J - a potion of lignification
Okay, then.
Unknown command.
HP restored.
A komodo dragon comes into view.
Found a runed translucent door.
A vampire comes into view.
It is wielding a +0 long sword. 2 howler monkeys come into view.
Found a short sword, a transparent falchion and 20 gold pieces.
The helpless komodo dragon fails to defend itself.
You hit the komodo dragon but do no damage.
You headbutt the komodo dragon, but do no damage.
The komodo dragon completely misses you.
You hit the komodo dragon but do no damage.
The komodo dragon bites you.
You hit the komodo dragon but do no damage.
Your headbutt misses the komodo dragon. The komodo dragon bites you!
The vampire throws a stone.
The stone closely misses you. The komodo dragon misses you.
You slash the komodo dragon! You burn the komodo dragon.
The komodo dragon is moderately wounded.
The vampire throws a stone.
The stone misses you.
The komodo dragon completely misses you.
You hit the komodo dragon. You burn the komodo dragon.
The komodo dragon is heavily wounded.
The komodo dragon completely misses you.
You slash the komodo dragon! You burn the komodo dragon.
The komodo dragon is almost dead.
The komodo dragon barely misses you.
The vampire hits you with a +0 long sword!
The vampire completely misses you.
You hit the komodo dragon. You burn the komodo dragon.
Your punch misses the komodo dragon.
The komodo dragon is almost dead.
You closely miss the vampire. The komodo dragon bites you!!
Ouch! That really hurt!
You die...

#......#.#.#.#.#.
##....####.#.#.#.#.#.#
$#.... #.#.#.#.#.#.#.
W+..h. ##.#.#.#.#.#.#
)#.... #.#.#.#.#.#.#.
#.... ##.#.#.#.#.#.#
....###.#.#.......#.
..######.......#.......#
......l@......##......##
########V.....#.......#
#......#.......#
#......#.......#
####.###......## #.#
######## #.# #V#


You could see a komodo dragon and a vampire.

Vanquished Creatures
  A two-headed ogre (D:9)
  Pikel (D:9)
  Joseph (D:8)
  Maggie (D:7)
  A hornet (D:9)
  5 yaks (D:10)
  A warg (D:10)
  A wyvern (D:9)
  A steam dragon (D:6)
  Menkaure (D:5)
  3 water moccasins
  Duvessa (D:7)
  6 orc warriors
  A black bear (D:6)
  An ogre (D:7)
  2 ice beasts
  2 centaurs (D:8)
  2 phantoms
  A kobold brigand (D:8)
  8 bullfrogs
  2 gnoll sergeants
  2 scorpions
  3 wights (D:9)
  Dowan (D:7)
  4 killer bees
  4 howler monkeys
  2 bombardier beetles
  4 jellies
  5 gnoll boudas
  3 hounds
  3 orc priests
  A sleepcap (D:6)
  Crazy Yiuf (D:5)
  5 orc wizards
  An iguana (D:7)
  33 gnolls
  5 adders
  A white imp (D:6)
  An ufetubus (D:6)
  2 worms
  5 dart slugs
  50 orcs
  4 ball pythons
  4 bats
  12 endoplasms
  3 giant cockroaches
  15 hobgoblins
  13 jackals
  2 quokkas
  3 frilled lizards
  11 goblins
  12 kobolds
  6 rats
264 creatures vanquished.

Vanquished Creatures (collateral kills)
  A gnoll (D:4)
1 creature vanquished.

Vanquished Creatures (others)
  A goblin (D:6)
1 creature vanquished.

Grand Total: 266 creatures vanquished

Notes
Turn   | Place    | Note
-------+----------+-------------------------------------------
     0 | D:1      | Conn the Spriggan Warper began the quest for the Orb.
     0 | D:1      | Reached XP level 1. HP: 10/10 MP: 5/5
   189 | D:1      | Reached skill level 1 in Stealth
   199 | D:1      | Reached XP level 2. HP: 10/15 MP: 6/6
   450 | D:1      | You fall into a shaft and drop 1 floor!
   505 | D:2      | Learned a level 2 spell: Blink
   564 | D:3      | Reached XP level 3. HP: 18/18 MP: 8/8
   568 | D:3      | Learned a level 3 spell: Teleport Other
  1090 | D:2      | Reached XP level 4. HP: 23/23 MP: 9/9
  1761 | D:3      | Reached skill level 5 in Translocations
  1777 | D:3      | Reached XP level 5. HP: 18/26 MP: 11/11
  2300 | D:3      | Learned a level 4 spell: Manifold Assault
  2519 | D:3      | Learned a level 2 spell: Call Imp
  2962 | D:4      | Noticed a phantom
  3009 | D:4      | Killed a phantom
  3010 | D:4      | Reached XP level 6. HP: 12/30 MP: 7/13
  3593 | D:4      | Identified a scroll of acquirement
  3593 | D:4      | Acquired 745 gold pieces
  3825 | D:5      | Entered Level 5 of the Dungeon
  3878 | D:5      | Found Fyullop's Antique Weapon Boutique.
  4000 | D:5      | Reached XP level 7. HP: 4/35 MP: 14/14
  4001 | D:5      | Reached skill level 1 in Summonings
  4092 | D:5      | Found Hiogul's General Store.
  4092 | D:5      | Noticed Menkaure
  4111 | D:5      | Killed Menkaure
  4611 | D:5      | Bought a scroll of immolation for 40 gold pieces
  4652 | D:5      | Bought a pitted sling for 162 gold pieces
  4652 | D:5      | Identified the +6 sling of Torhek {speed, rC+ Str+3 Int+2}
                  | (You bought it in a shop on level 5 of the Dungeon)
  4666 | D:5      | Found Asyecel's Antique Weapon Shop.
  4673 | D:5      | Bought a shimmering whip for 150 gold pieces
  4673 | D:5      | Identified the +4 whip "Fugion" {antimagic, Dex+3 Stlth+}
                  | (You bought it in a shop on level 5 of the Dungeon)
  4673 | D:5      | Bought an ivory hand axe for 160 gold pieces
  4673 | D:5      | Identified the +9 hand axe "Ylam" {flame, rElec} (You
                  | bought it in a shop on level 5 of the Dungeon)
  4787 | D:5      | Found Mes Wiug's Magic Scroll Emporium.
  4795 | D:5      | Bought a scroll of immolation for 44 gold pieces
  4846 | D:5      | Found Nuqec's Antique Weapon Boutique.
  4922 | D:5      | Reached skill level 5 in Stealth
  5105 | D:5      | Reached skill level 1 in Ranged Weapons
  5105 | D:5      | Reached skill level 5 in Spellcasting
  5265 | D:5      | Found a runed translucent door.
  5268 | D:5      | Noticed Crazy Yiuf
  5293 | D:5      | Killed Crazy Yiuf
  5374 | D:5      | Learned a level 4 spell: Vhi's Electric Charge
  5469 | D:6      | Reached skill level 5 in Dodging
  5488 | D:6      | Found a hide-covered altar of Uskayaw.
  5528 | D:6      | Reached XP level 8. HP: 39/39 MP: 16/16
  5608 | D:6      | Found Enib's Book Emporium.
  5613 | D:6      | Found Yxtin Gaf's Overcharged Wands.
  5629 | D:6      | Reached skill level 1 in Shields
  5629 | D:6      | Reached skill level 1 in Air Magic
  5863 | D:6      | Reached skill level 1 in Axes
  6255 | D:6      | Found a staircase to the Ecumenical Temple.
  6264 | Temple   | Entered the Ecumenical Temple
  6279 | Temple   | Became a worshipper of Sif Muna the Loreminder
  6676 | D:7      | Noticed Duvessa
  6866 | D:7      | Noticed Dowan
  6979 | D:7      | Killed Duvessa
  6980 | D:7      | Reached XP level 9. HP: 35/44 MP: 18/18
  7024 | D:7      | Killed Dowan
  7101 | D:7      | Noticed Maggie
  7223 | D:7      | HP: 1/44 [poisoned by you (poison gas)]
  7242 | D:7      | HP: 2/44 [poisoned by you (poison gas)]
  7251 | D:7      | Found Ycakhouv's Jewellery Boutique.
  7401 | D:7      | Bought a +4 ring of protection for 468 gold pieces
  7550 | D:7      | Reached * piety under Sif Muna
  7815 | D:7      | Killed Maggie
  8010 | D:7      | Identified the ring "Kyapn" {*Corrode Fly rN+ Str+8}
  8239 | D:8      | Noticed Joseph
  8778 | D:8      | Noticed a death yak
  8779 | D:8      | Noticed a death yak
  8795 | D:8      | Noticed a death yak
  8795 | D:8      | Noticed a death yak
  8962 | D:8      | Found Qacza's Weapon Boutique.
  9055 | D:7      | Reached XP level 10. HP: 35/50 MP: 20/20
  9180 | D:8      | Reached skill level 1 in Invocations
  9189 | D:8      | Noticed a death yak
  9411 | D:8      | Found a glowing golden altar of the Shining One.
  9421 | D:8      | Learned a level 3 spell: Stone Arrow
  9460 | D:8      | Found a staircase to the Lair.
  9556 | D:8      | Reached ** piety under Sif Muna
  9560 | D:8      | Reached skill level 5 in Ranged Weapons
  9772 | D:8      | Killed Joseph
 10002 | D:8      | Noticed a death yak
 10090 | D:9      | Found an iron altar of Okawaru.
 10175 | D:9      | Found a staircase to the Orcish Mines.
 10219 | D:10     | Entered Level 10 of the Dungeon
 10221 | D:10     | HP: 1/51 [warg (15)]
 10465 | D:10     | Reached skill level 1 in Earth Magic
 10596 | D:10     | Found a white marble altar of Elyvilon.
 10658 | D:9      | Reached skill level 1 in Conjurations
 10707 | D:9      | Gained mutation: Your magical capacity is low. (-10% MP)
                  | [potion of mutation]
 10707 | D:9      | Gained mutation: Your flesh is heat resistant. (rF+)
                  | [potion of mutation]
 11094 | D:9      | Noticed Pikel
 11110 | D:9      | Killed Pikel
 11168 | D:9      | Noticed a two-headed ogre
 11220 | D:9      | Killed a two-headed ogre
 11221 | D:9      | Reached skill level 5 in Fighting
 11425 | D:9      | Lost mutation: Your flesh is heat resistant. (rF+) [potion
                  | of mutation]
 11425 | D:9      | Lost mutation: Your magical capacity is low. (-10% MP)
                  | [potion of mutation]
 11425 | D:9      | Gained mutation: You occasionally lose the ability to read
                  | scrolls when taking damage. [potion of mutation]
 11425 | D:9      | Gained mutation: You have a beak for a mouth. [potion of
                  | mutation]
 11426 | D:9      | Lost mutation: You have a beak for a mouth. [potion of
                  | mutation]
 11426 | D:9      | Lost mutation: You occasionally lose the ability to read
                  | scrolls when taking damage. [potion of mutation]
 11426 | D:9      | Gained mutation: You have hidden genetic potential. [potion
                  | of mutation]
 11426 | D:9      | Gained mutation: You have a pair of small horns on your
                  | head. [potion of mutation]
 11528 | D:10     | Found a sacrificial altar of Ru.
 11671 | D:10     | Found a runed translucent door.
 11672 | D:10     | Noticed Lymetel's ghost (novice MiBe)
 11681 | D:10     | Slain by a komodo dragon

Illustrated notes

Levels and vault maps discovered:
D:1:      mainiacjoe_arrival_oval_in_oval, layout_loops_ring, amethyst_killhole,
          wad_floor_pattern_untrapped
D:2:      layout_rooms
D:3:      layout_loops_corners
D:4:      layout_loops_cross
D:5:      layout_gridville, serial_shops, nicolae_shop_statue_plus,
          nicolae_shop_pleasant_corner_grove, nicolae_shop_just_a_little_nook,
          nicolae_shop_tiny_statue_garden, shop, uniq_menkaure,
          uniq_crazy_yiuf_cottage
D:6:      corexii_shantytown, layout_basic, nicolae_overflow_hidden_temple,
          lemuel_temple_firewalk_b, serial_shops, shop,
          nicolae_shop_overcharged_wands
D:7:      minmay_skewed_foursquare, layout_basic, serial_shops,
          nicolae_shop_just_a_little_nook, minmay_fractal_squares_diagonal_5,
          uniq_maggie, uniq_duvessa
D:8:      layout_basic, mainiacjoe_overflow_catwalk, dpeg_lair_monsters,
          special_room [special_room_orc], serial_shops, shop, uniq_joseph
D:9:      layout_roguey, mainiacjoe_overflow_tiny_flanked, david_orc_3,
          uniq_pikel
D:10:     layout_basic, nicolae_ru_the_path_less_chosen, elyvilon_altar_1,
          gammafunk_ghost_grave
Temple:   hellmonk_temple_of_storms

Skill      XL: |  1  2  3  4  5  6  7  8  9 10 |
---------------+-------------------------------+-----
Stealth        | 1 2 3 4 5 6 7 8 |  8.3
Spellcasting   | 3 4 5 6 7 |  7.2
Fighting       | 2 3 4 5 |  5.2
Translocations | 5 6 7 8 |  8.1
Short Blades   | 3 |  3.3
Dodging        | 4 5 6 7 |  7.6
Throwing       | 2 3 |  3.0
Summonings     | 1 2 3 |  3.1
Ranged Weapons | 1 3 4 6 |  6.0
Shields        | 1 2 3 |  3.1
Air Magic      | 2 3 |  3.0
Axes           | 1 2 |  2.0
Invocations    | 3 |  3.4
Earth Magic    | 1 |  1.9
Conjurations   | 1 |  1.5

Action                     |  1- 3 |  4- 6 |  7- 9 | 10-12 || total
---------------------------+-------+-------+-------+-------++-------
  Melee: Short sword       |    44 |       |       |       ||    44
         Dagger            |   130 |   433 |    67 |       ||   630
         Punch             |     2 |     5 |     2 |     1 ||    10
         Hand axe          |       |       |    73 |   136 ||   209
         Sling             |       |       |    18 |     4 ||    22
         Headbutt          |       |       |       |     6 ||     6
   Fire: Sling             |       |       |   427 |   201 ||   628
  Throw: Dart              |     4 |    16 |     1 |       ||    21
   Cast: Blink             |     1 |     1 |    14 |     2 ||    18
         Call Imp          |       |    11 |    11 |     4 ||    26
         Manifold Assault  |       |     3 |    14 |     6 ||    23
  Evoke: Wand              |       |     1 |       |       ||     1
    Use: Potion            |     1 |     3 |     3 |     6 ||    13
         Scroll            |     1 |    10 |     7 |     7 ||    25
   Stab: Sleeping          |     5 |     7 |       |     4 ||    16
         Distracted        |       |       |     1 |       ||     1
         Paralysed         |       |       |     1 |       ||     1
 Armour: Robe              |    23 |   107 |    96 |    73 ||   299
  Dodge: Dodged            |   115 |   219 |   208 |   169 ||   711
         Repelled          |       |       |     1 |       ||     1

Table legend: (Time is in decaauts)
 A = Elapsed time spent in this place.
 B = Non-inter-level travel time spent in this place.
 C = Inter-level travel time spent in this place.
 D = Time resting spent in this place.
 E = Time spent auto-exploring this place.
 F = Levels seen in this place.
 G = Mean time per level.
                   A        B        C        D        E       F      G
               +--------+--------+--------+--------+--------+-----+--------+
         Total |   8631 |   8445 |    186 |   1070 |   4114 |  11 |  784.6 |
       Dungeon |   8611 |   8432 |    179 |   1070 |   4114 |  10 |  861.1 |
        Temple |     19 |     12 |      7 |      0 |      0 |   1 |   19.0 |
               +--------+--------+--------+--------+--------+-----+--------+

Top non-repeatable levels by time:
     D:7: 1799 daAuts
     D:5: 1168 daAuts
     D:6: 1042 daAuts
     D:3: 1020 daAuts
     D:8: 740 daAuts
     D:9: 716 daAuts
     D:4: 700 daAuts
    D:10: 562 daAuts
     D:1: 522 daAuts
     D:2: 338 daAuts
  Temple: 19 daAuts
